 Dungeon Crawl Stone Soup version 0.24.0-13-gcf9b3192b9 (webtiles) character file.

Game seed: 7047426823032845560, levelgen mode: deterministic

163 Gumption the Vexing (level 5, -2/24 HPs)
             Began as a Vine Stalker Enchanter on Nov 6, 2019.
             Killed by divine providence
             ... invoked by an orc priest
              (12 damage)
             ... on level 3 of the Dungeon.
             The game lasted 00:40:17 (5725 turns).

Gumption the Vexing (Vine Stalker Enchanter)        Turns: 5725, Time: 00:40:18

Health: -2/24      AC:  5    Str: 10    XL:     5   Next: 44%
Magic:  0/10       EV: 11    Int: 16    God:
Gold:   182        SH:  0    Dex: 15    Spells: 4/10 levels left

rFire    . . .     SeeInvis .   a - +1 dagger
rCold    . . .     Gourm    .   (no shield)
rNeg     . . .     Faith    .   m - +0 leather armour
rPois    .         Spirit   +   r - +0 helmet
rElec    .         Reflect  .   d - +0 cloak
rCorr    .         Harm     .   (no gloves)
MR       .....                  (no boots)
Stlth    ++........             (no amulet)
HPRegen  0.48/turn              (no ring)
MPRegen  0.12/turn              (no ring)

@: no status effects
A: fangs 2, regeneration 1, magic shield, antimagic bite, no potion heal 3, rot
immunity
a: no special abilities


You were on level 3 of the Dungeon.
You were hungry.

You visited 1 branch of the dungeon, and saw 3 of its levels.

You collected 182 gold pieces.

Inventory:

Hand Weapons
 a - a +1 dagger (weapon)
 h - a +0 hunting sling
Missiles
 k - 106 stones (quivered)
Armour
 d - a +0 cloak (worn)
 m - a +0 leather armour (worn)
 r - a +0 helmet (worn)
Scrolls
 b - a scroll of amnesia {unknown}
 g - a scroll of remove curse {unknown}
 i - a scroll of teleportation
 o - 2 scrolls of enchant weapon {unknown}
 p - a scroll of identify
Potions
 f - a potion of curing
 j - 2 potions of flight
 l - 2 potions of degeneration {unknown}
 n - a potion of haste {unknown}
 q - a potion of mutation {unknown}
Comestibles
 e - 4 rations


   Skills:
 - Level 0.8 Short Blades
 - Level 1.5 Dodging
 - Level 3.6 Stealth
 + Level 3.2 Spellcasting
 * Level 4.5 Hexes
 * Level 2.6 Ice Magic


You had 4 spell levels left.
You knew the following spells:

 Your Spells              Type           Power        Failure   Level  Hunger
a - Ensorcelled Hibernat  Hex/Ice        ##....       9%          2    ##.....
b - Corona                Hex            ###....      3%          1    None
c - Confuse               Hex            ###.....     12%         3    ###....

Your spell library contained the following spells:

 Spells                   Type           Power        Failure   Level  Hunger
 Tukima's Dance           Hex            ###.....     12%         3    ###....
 Dazzling Spray           Conj/Hex       #.....       28%         3    ###....


Dungeon Overview and Level Annotations

Branches:
Dungeon (3/15)

Altars:
Makhleb
Trog


Innate Abilities, Weirdness & Mutations

You have extremely sharp teeth.
Your natural rate of healing is unusually fast.
When hurt, damage is shared between your health and your magic reserves.
Your bite disrupts and absorbs the magic of your enemies.
Potions cannot restore your health.
You are immune to rotting.


Message History

The orc misses you.
The orc priest hits you with a +0 short sword.
You hit the orc priest. You bite the orc priest. You drain its power.
You feel invigorated.
The orc priest is heavily wounded.
The orc closely misses you.
The orc priest hits you but does no damage.
Something hits you but does no damage.
You barely miss the orc priest. Your bite misses the orc priest.
The orc priest is heavily wounded.
The orc closely misses you.
The orc priest mumbles some strange prayers to Beogh against you.
Beogh smites you! Something hits you but does no damage.
You hit the orc priest.
The orc priest is severely wounded.
The orc hits you but does no damage.
The orc priest calls down the wrath of Beogh upon you.
Beogh smites you!
Ouch! That really hurt!
You die...

#........#⌠≈.....≈⌠#
#........##≈≈≈≈≈≈≈## *****
#........####⌠#⌠### ,,,,*
####......# ## ##
,,,,***********#.######
,,,,,,,,,,,,,,##'#######****
,,,,*****,,,,,#.........,,,*
,,,,* *,,,,,#.........,,,*
,,,,* *,,,,,#o@.......,,,*
,,,,* *.....'.o.......,,,*
,,,,* *.....#.........,,,*
,,,,* *.....#.........,,,*
,,,** *....,#.........,,,*
,*** *....,#.........,,,* ,*
*...,,#.........,,,* **
******##########****


You could see an orc priest and an orc.

Vanquished Creatures
  An orc priest (D:3)
  An orc wizard (D:3)
  2 adders
  An ooze (D:1)
  5 worms
  A dart slug (D:3)
  A leopard gecko (D:1)
  10 orcs
  3 bats
  5 giant cockroaches
  6 goblins
  6 hobgoblins
  A ball python (D:3)
  4 frilled lizards
  6 kobolds
  5 rats
58 creatures vanquished.

Notes
Turn   | Place    | Note
-------+----------+-------------------------------------------
     0 | D:1      | Gumption the Vine Stalker Enchanter began the quest for the
                  | Orb.
     0 | D:1      | Reached XP level 1. HP: 9/9 MP: 4/4
   602 | D:1      | Reached XP level 2. HP: 8/13 MP: 4/6
   739 | D:1      | You fall into a shaft and drop 1 floor!
   778 | D:2      | Learned a level 2 spell: Ensorcelled Hibernation
  2033 | D:1      | Reached XP level 3. HP: 15/16 MP: 5/7
  2658 | D:2      | Reached skill level 1 in Ice Magic
  2725 | D:2      | Learned a level 3 spell: Confuse
  3547 | D:2      | Reached skill level 4 in Hexes
  3547 | D:2      | Gained mutation: Your natural rate of healing is unusually
                  | fast. [Vine Stalker growth]
  3547 | D:2      | Reached XP level 4. HP: 15/21 MP: 2/9
  3733 | D:3      | Found a bloodstained altar of Trog.
  4842 | D:3      | Reached XP level 5. HP: 24/24 MP: 8/10
  5101 | D:3      | Found a burning altar of Makhleb.
  5189 | D:3      | HP: 1/24 [orc priest/divine providence (9)]
  5545 | D:3      | Found a burning altar of Makhleb.
  5586 | D:3      | Found a bloodstained altar of Trog.
  5725 | D:3      | Killed from afar by an orc priest

Levels and vault maps discovered:
D:1:      tarquinn_simple_flora_water_e, layout_basic
D:2:      layout_basic, first_ration
D:3:      layout_basic, lightli_temple_of_fire, bloody_trog, minivault_11

Skill      XL: |  1  2  3  4 |
---------------+-------------+-----
Ice Magic      | 1 2 |  2.6
Hexes          | 4 |  4.5
Spellcasting   | 3 |  3.2
Short Blades   | |  0.8
Dodging        | |  1.5
Stealth        | |  3.6

Action                   |  1- 3 |  4- 6 || total
-------------------------+-------+-------++-------
Melee: Dagger            |   105 |    70 ||   175
       Bite              |    18 |    16 ||    34
 Cast: Corona            |    11 |     1 ||    12
       Ensorcelled Hiber |    15 |    36 ||    51
       Confuse           |       |     1 ||     1
  Use: Scroll            |     3 |     1 ||     4
 Stab: Sleeping          |    11 |    17 ||    28
       Confused          |       |     1 ||     1
  Eat: Chunk             |     9 |     8 ||    17
Armor: Robe              |     7 |       ||     7
       Leather armour    |    22 |    18 ||    40
Dodge: Dodged            |    61 |    27 ||    88
